 Dungeon Crawl Stone Soup version 0.19-b1-5-gdc9fa9d (webtiles) character file.

165 Gorglomux the Slasher (level 5, -1/45 HPs)
             Began as a Hill Orc Monk on Oct 31, 2016.
             Slain by an orc wizard
             ... wielding a +0 dagger
              (7 damage)
             ... on level 3 of the Dungeon.
             The game lasted 00:04:40 (3190 turns).

Gorglomux the Slasher (Hill Orc Monk)               Turns: 3190, Time: 00:04:41

Health: -1/45      AC:  3    Str: 15    XL:     5   Next: 46%
Magic:  5/5        EV: 13    Int: 10    God:
Gold:   126        SH:  0    Dex: 13    Spells: 0 memorised, 4 levels left

rFire  . . .     SeeInvis .     a - +0 falchion
rCold  . . .     Gourm    .     b - +0 robe
rNeg   . . .     Faith    .     (no shield)
rPois  .         Spirit   .     f - +1 hat
rElec  .         Reflect  .     (no cloak)
rCorr  .         Harm     .     (no gloves)
MR     .....                    (no boots)
Stlth  +.........               (no amulet)
                                (no ring)
                                (no ring)

@: confused
A: no striking features
a: no special abilities


You were on level 3 of the Dungeon.
You were not hungry.

You visited 1 branch of the dungeon, and saw 3 of its levels.

You collected 126 gold pieces.

Inventory:

Hand Weapons
 a - a +0 falchion (weapon)
Armour
 b - a +0 robe (worn)
 f - a +1 hat (worn)
Scrolls
 d - 3 scrolls of identify {unknown}
 h - a scroll of amnesia {unknown}
 i - a scroll of enchant weapon {unknown}
 m - 2 scrolls of random uselessness {unknown}
 n - a scroll of recharging {unknown}
 p - a scroll of enchant armour {unknown}
 q - a scroll of remove curse {unknown}
Potions
 e - 2 potions of cure mutation {unknown}
 j - a potion of heal wounds
 o - a potion of berserk rage {unknown}
Comestibles
 c - a bread ration
 g - 2 meat rations
 k - 2 beef jerkies
 l - a royal jelly


   Skills:
 - Level 3.6 Fighting
 + Level 6.5 Long Blades
 - Level 2.4 Dodging
 - Level 1.5 Stealth


You had 4 spell levels left.
You didn't know any spells.

Dungeon Overview and Level Annotations

Branches:
Dungeon (3/15)

Altars:
Nemelex Xobeh
Okawaru

Annotations:
D:3 Ijyb


Message History

The orc is heavily wounded.
The orc barely misses you.
You riposte.
You hit the orc.
You kill the orc!
Something hits you but does no damage.
You miss something. Something hits you.
You miss something. Something hits you.
* * * LOW HITPOINT WARNING * * *
You hit something. Something hits you.
* * * LOW HITPOINT WARNING * * *
You miss something. Something hits you but does no damage.
You miss something.
You hear some strange, mumbled words.
You are confused.
You miss something. Something hits you.
* * * LOW HITPOINT WARNING * * *
You miss something.
You hear some strange, mumbled words.
Something tries to affect you, but you resist.
You bump into the rock wall.
Something hits you!
You die...

########## .........###
..#######.....#
........#.###.#############
#.)..# #@.............
#)##.###)###.#.....##
#.##r...[##........#
#.####.#####.#.....#
#..###.#####.#.....#
.##..............#.###
..........####.#.#.#
..##.##.<.# #.....#
#.S.#..<# #.###.#


There were no monsters in sight!

Vanquished Creatures
  An orc wizard (D:3)
  4 adders
  6 worms
  2 dart slugs (D:1)
  4 leopard geckos
  3 orcs (D:3)
  3 giant cockroaches
  13 goblins
  7 hobgoblins
  8 jackals (D:1)
  3 kobolds (D:2)
  A quokka (D:2)
  5 ball pythons
  4 bats
  2 frilled lizards (D:2)
  4 rats (D:2)
70 creatures vanquished.

Notes
Turn   | Place    | Note
-------+----------+-------------------------------------------
     0 | D:1      | Gorglomux the Hill Orc Monk began the quest for the Orb.
     0 | D:1      | Reached XP level 1. HP: 19/19 MP: 1/1
   213 | D:1      | Reached XP level 2. HP: 23/26 MP: 2/2
   299 | D:1      | Reached skill level 4 in Long Blades
   882 | D:1      | Reached XP level 3. HP: 31/31 MP: 3/3
   982 | D:2      | Reached skill level 5 in Long Blades
  1335 | D:2      | Reached XP level 4. HP: 39/39 MP: 4/4
  1762 | D:2      | Found a sparkling altar of Nemelex Xobeh.
  2786 | D:2      | Reached skill level 6 in Long Blades
  2806 | D:3      | Noticed Ijyb
  2940 | D:3      | Found an iron altar of Okawaru.
  2950 | D:3      | Reached XP level 5. HP: 39/45 MP: 5/5
  3190 | D:3      | Slain by an orc wizard

Skill      XL: |  1  2  3  4 |
---------------+-------------+-----
Long Blades    | 4 5 6 |  6.5
Fighting       | |  3.6
Dodging        | |  2.4
Stealth        | |  1.5

Action                   |  1- 3 |  4- 6 || total
-------------------------+-------+-------++-------
Melee: Falchion          |   121 |   205 ||   326
  Use: Potion            |       |     3 ||     3
 Stab: Sleeping          |     1 |     4 ||     5
  Eat: Chunk             |     2 |     6 ||     8
Armor: Robe              |    57 |    35 ||    92
Dodge: Dodged            |   117 |   109 ||   226
       Rpst.: Falchion   |    32 |    31 ||    63
